 Dungeon Crawl Stone Soup version 0.31-a0-986-g5e6e4ef867 (webtiles) character file.

Game seed: 2436367203651627732

744 Skeral the Insei (level 8, -9/88 HPs)
             Began as a Meteoran Shapeshifter on Nov 7, 2023.
             Was a High Priest of Jiyva.
             Mangled by a cyan ugly thing (12 damage)
             ... on level 7 of the Dungeon.
             The game lasted 00:10:17 (2108 turns).

Skeral the Insei (Meteoran Shapeshifter)            Turns: 2108, Time: 00:10:17

Health: -9/88      AC:  3    Str: 21      XL:     8   Next: 26%
Magic:  18/18      EV: 13    Int: 13      God:    Jiyva [*****.]
Gold:   120        SH:  0    Dex: 14 (15) Spells: 7/7 levels left

rFire   . .          .
                       - Unarmed
rCold   . . .        (no shield)
rNeg    + . .        t - +1 robe of Uhyod {rN+ rCorr}
rPois   .            (helmet currently unavailable)
rElec   .            (cloak currently unavailable)
rCorr   +            (gloves currently unavailable)
SInv    .            (boots currently unavailable)
Will    +....        (no amulet)
Stlth   +            W - ring of magical power
HPRegen 1.78/turn    S - +6 ring of strength
MPRegen 0.61/turn

%: no passive effects
@: beast-form, glowing
A: beast (slay +3), sense surroundings 1, otherworldly, glowing, explore regen,
robust 3, jelly absorbing missiles
a: Begin Untransformation, Renounce Religion, Oozemancy, Slimify


You were on level 7 of the Dungeon.
You worshipped Jiyva.
Jiyva was extremely pleased with you.
You were a hulking beast.
You visited 1 branch of the dungeon, and saw 7 of its levels.

You collected 120 gold pieces.


Innate Abilities, Weirdness & Mutations

You are a hulking beast.
Your limbs bulge with bestial killing power. (Slay +3)
You passively map a small area around you.
You are easily found by Zot.
You glow in the dark.
You regain HP and MP as you explore.
You are extremely robust. (+30% HP)
You have a small jelly attached to you that may absorb projectiles.


   Skills:
 + Level 5.2 Fighting
 - Level 3.7 Dodging
 + Level 6.6 Unarmed Combat
 + Level 1.1 Evocations
 + Level 5.5 Shapeshifting


You had 7 spell levels left.
You didn't know any spells.
Your spell library contained the following spells:

 Spells                   Type           Power      Damage    Failure   Level
 Sublimation of Blood     Necr           0%         N/A       43%         2
 Wereblood                Tmut           0%         N/A       43%         2
 Ignite Poison            Fire/Tmut/Pois 0%         N/A       67%         3
 Sticky Flame             Conj/Fire      0%         2d3       97%         4
 Summon Hydra             Summ           0%         N/A       100%        7
 Ignition                 Fire           0%         3d3       100%        8

Inventory:

Hand Weapons
 b - a +2 dagger of venom
   (You took it off an orc on level 5 of the Dungeon)
 v - the +7 Throatcutter {drain, coup de grace}
   (You found it on level 5 of the Dungeon)
 z - a +0 arbalest
   (You found it on level 7 of the Dungeon)
Missiles
 a - 2 throwing nets {=f!f}
 n - 3 javelins
 r - 9 poisoned darts
 y - 2 boomerangs
Armour
 h - a +0 pair of boots
   (You found it on level 1 of the Dungeon)
 l - a +0 helmet
   (You found it on level 3 of the Dungeon)
 q - a +0 cloak
   (You took it off Crazy Yiuf on level 3 of the Dungeon)
 t - the +1 robe of Uhyod (worn) {rN+ rCorr}
   (You found it on level 4 of the Dungeon)

   rN+:       It protects you from negative energy.
   rCorr:     It protects you from acid and corrosion.
Jewellery
 S - a +6 ring of strength (right hand)
   (You found it on level 3 of the Dungeon)
 W - a ring of magical power (left hand)
   (You found it on level 1 of the Dungeon)
Talismans
 c - a beast talisman
 d - a flux talisman
 s - a storm talisman
   (You found it on level 4 of the Dungeon)
Wands
 u - a wand of paralysis (6)
   (You found it on level 5 of the Dungeon)
 x - a wand of roots (14)
   (You found it on level 6 of the Dungeon)
Scrolls
 f - a scroll of identify {unknown}
 i - a scroll of revelation {unknown}
 j - a scroll of amnesia
 k - a scroll of butterflies {unknown}
 o - a scroll of enchant armour {unknown}
 p - a scroll of enchant weapon {unknown}
 w - a scroll of vulnerability {unknown}
Potions
 e - a potion of enlightenment {unknown}
 g - a potion of curing {unknown}
 m - 3 potions of haste {unknown}

Dungeon Overview and Level Annotations

Branches:
Dungeon (7/15) Zot: 2110   Temple (0/1) D:6

Altars:
Fedhas
Hepliaklqana
Nemelex Xobeh
Qazlal
Ru
Vehumet
Jiyva

, * * *,###.......... *
............ , ,
.:P..~P.... , ,
,#..~~~.P.PP.PP#.# , *
,#..~~~§♣§PP_PP.. *
#.P~~~§§§P.P.P. , , ,
####.#..~≈~§...PPP.#
.......hu♣~........ , ~
* ###..#.#..#.#.##..#* ~
*# #.#..#.#.##..#####.
#, #.#..#.#.##..).....
#..#...............#.. ,
,
~*,.............##<.##.#
~ ~
,...........####........
, , ~
##..###......[.........
.........#.............


You could see a cyan ugly thing.


Message History

The quasit moves out of view.
A bullfrog comes into view.
The bullfrog gives a loud, deep croak!
You hear a horrible gurgling sound!
A cyan ugly thing comes into view.
The quasit barely misses you. The quasit closely misses you.
The quasit barely misses you.
You punch the quasit! The quasit bites you.
You feel clumsy.
The quasit splashes around in the water.
The quasit barely misses you. 😕 HP[-2]
You take 2 damage, and now have 86/88 hp.
You hit the quasit but do no damage. The bullfrog closely misses you.
The quasit barely misses you.
The quasit claws you but does no damage.
The quasit closely misses you. 😎 HP[+2]
Your hp is fully restored (88).
You hit the quasit but do no damage. The bullfrog hits you.
The quasit bites you but does no damage.
The quasit claws you but does no damage.
The quasit closely misses you. 😕 HP[-5]
You take 5 damage, and now have 83/88 hp.
The quasit splashes around in the water.
The quasit claws the demonic plant.
The demonic plant begins to die.
The quasit completely misses the demonic plant.
The bullfrog hits you. 😕 HP[-2]
You take 2 damage, and now have 81/88 hp.
You punch the bullfrog!
The quasit bites the demonic plant.
The quasit claws the demonic plant. x2; The bullfrog hits you! 😕 HP[-6]
You take 6 damage, and now have 75/88 hp.
You closely miss the bullfrog.
The quasit bites the demonic plant.
The quasit claws the demonic plant. x2; The bullfrog hits you. 😕 HP[-3]
You take 3 damage, and now have 72/88 hp.
You punch the bullfrog! The bullfrog hits you!
The quasit bites the demonic plant.
The quasit claws the demonic plant. x2 😮 HP[-6]
You take 6 damage, and now have 66/88 hp.
You hit the bullfrog.
You kill the bullfrog! 😕 HP[+2]
You regained 2 hp, and now have 68/88 hp.
You hit the quasit but do no damage.
A nearby demonic plant withers and dies.
The quasit bites you but does no damage.
The quasit claws you. The quasit closely misses you.
You hit the quasit.
The quasit bites you but does no damage.
The quasit closely misses you. The quasit barely misses you. x2
The quasit completely misses you. The quasit claws you.
You hit the quasit.
You kill the quasit!
Your Evocations skill increases to level 1! 😕 HP[+2]
You regained 2 hp, and now have 70/88 hp.
As you read the scroll labelled KOFYIPPOEPS, it crumbles to dust.
It is a scroll of amnesia.
You feel forgetful for a moment. The cyan ugly thing pecks you!
The cyan ugly thing shocks you! 😮 HP[-18]
You take 18 damage, and now have 52/88 hp.
MASSIVE DAMAGE!! (PAUSE)
Aiming: Paralyse
Press: ? - help, Shift-Dir - straight line, f - cyan ugly thing
Aim: a cyan ugly thing (chance to affect: 33%)
The cyan ugly thing easily resists.
The cyan ugly thing barely misses you. 😮 HP[+2]
You regained 2 hp, and now have 54/88 hp. 😮 HP[+2]
You regained 2 hp, and now have 56/88 hp.
Aiming: Paralyse
Press: ? - help, Shift-Dir - straight line, f/p - cyan ugly thing
Aim: a cyan ugly thing (chance to affect: 33%)
The cyan ugly thing easily resists.
The cyan ugly thing pecks you! The cyan ugly thing shocks you!
* * * LOW HITPOINT WARNING * * *
😨 HP[-21]
You take 21 damage, and now have 35/88 hp.
MASSIVE DAMAGE!! (PAUSE)
Aiming: Paralyse
Press: ? - help, Shift-Dir - straight line, f/p - cyan ugly thing
Aim: a cyan ugly thing (chance to affect: 33%)
The cyan ugly thing easily resists.
The cyan ugly thing pecks you!
* * * LOW HITPOINT WARNING * * *
The cyan ugly thing shocks you!
* * * LOW HITPOINT WARNING * * *
😱 HP[-28]
You take 28 damage, and now have 7/88 hp.
MASSIVE DAMAGE!! (PAUSE)
Aiming: Paralyse
Press: ? - help, Shift-Dir - straight line, f/p - cyan ugly thing
Aim: a cyan ugly thing (chance to affect: 33%)
The cyan ugly thing easily resists.
The cyan ugly thing pecks you.
* * * LOW HITPOINT WARNING * * *
The cyan ugly thing shocks you!
You die...

Skill      XL: |  1  2  3  4  5  6  7  8 |
---------------+-------------------------+-----
Unarmed Combat | 4 5 6 |  6.6
Fighting       | 2 3 4 5 |  5.2
Dodging        | 3 |  3.7
Shapeshifting  | 4 5 |  5.5
Evocations     | 1 |  1.1

Action                     |  1- 3 |  4- 6 |  7- 9 || total
---------------------------+-------+-------+-------++-------
  Melee: Unarmed           |    56 |    99 |    71 ||   226
         Punch             |       |     2 |     1 ||     3
  Evoke: Wand              |       |       |     4 ||     4
    Use: Potion            |       |       |     1 ||     1
         Scroll            |       |       |     1 ||     1
 Armour: Animal skin       |    34 |    26 |       ||    60
         Robe              |       |    30 |    45 ||    75
         Skin              |       |       |     2 ||     2
  Dodge: Dodged            |    35 |    51 |    44 ||   130

Levels and vault maps discovered:
D:1:      reono_arrival_forest_river, layout_rooms,
          hellmonk_ecumenical_altar_arch_garden
D:2:      layout_basic
D:3:      layout_basic, mainiacjoe_overflow_24_doors, general_overflow_altar,
          uniq_crazy_yiuf_cottage, uniq_sigmund
D:4:      layout_cave_pods, mainiacjoe_overflow_alcove_1,
          chequers_serial_rivers_micro_e
D:5:      layout_rooms, grunt_temple_overflow_holy_war,
          mainiacjoe_overflow_alcove_4, hangedman_feature_mirror
D:6:      layout_loops_cross, zin_angel, mainiacjoe_overflow_six_doors_small,
          minmay_temple_entry_ruins
D:7:      layout_basic, fedhas_altar_3, kennysheep_okawaru_gauntlet,
          serial_demonic, serial_demonic_a, serial_demonic_g, serial_demonic_c,
          serial_demonic_f, corner_web_ring, kennysheep_cluttered_room,
          small_statue_intersection

Notes
Turn   | Place    | Note
-------+----------+-------------------------------------------
     0 | D:1      | Skeral the Meteoran Shapeshifter began the quest for the
                  | Orb.
     0 | D:1      | Reached XP level 1. HP: 16/16 MP: 2/2
     0 | D:1      | magus.rc [v1.10.3]
    75 | D:1      | Reached XP level 2. HP: 23/23 MP: 3/3
   103 | D:1      | You add the spells Ignite Poison, Sticky Flame and Ignition
                  | to your library.
   117 | D:1      | Found a faded altar of an unknown god.
   149 | D:1      | Prayed at the altar of an unknown god.
   149 | D:1      | Became a worshipper of Jiyva Juniofye the Shapeless
   149 | D:1      | Reached * piety under Jiyva
   213 | D:1      | Reached skill level 4 in Unarmed Combat
   359 | D:2      | Reached XP level 3. HP: 26/29 MP: 4/4
   420 | D:2      | Reached skill level 2 in Fighting
   447 | D:2      | Reached ** piety under Jiyva
   685 | D:3      | Found a hazy altar of Hepliaklqana.
   709 | D:3      | You pick up a book of Blood and begin reading...
   709 | D:3      | You add the spells Sublimation of Blood, Wereblood and
                  | Summon Hydra to your library.
   717 | D:3      | Reached XP level 4. HP: 36/36 MP: 5/5
   724 | D:3      | Reached skill level 3 in Dodging
   889 | D:3      | Found a runed translucent door.
   890 | D:3      | Noticed Crazy Yiuf
   897 | D:3      | HP: 9/37 [Crazy Yiuf/+4 quarterstaff of chaos (8)]
   899 | D:3      | Killed Crazy Yiuf
   900 | D:3      | Reached XP level 5. HP: 10/44 MP: 6/6
   902 | D:3      | HP: 10/44 [poisoned by Crazy Yiuf]
   940 | D:3      | Killed Sigmund
  1169 | D:3      | Found a radiant altar of Vehumet.
  1223 | D:4      | Reached *** piety under Jiyva
  1280 | D:4      | Reached skill level 3 in Fighting
  1343 | D:4      | Found a sacrificial altar of Ru.
  1361 | D:4      | Reached XP level 6. HP: 51/51 MP: 7/7
  1413 | D:4      | magus.rc [v1.10.3]
  1445 | D:4      | Reached skill level 5 in Unarmed Combat
  1458 | D:4      | Reached skill level 4 in Shapeshifting
  1458 | D:4      | Identified the +1 robe of Uhyod {rN+ rCorr}
  1541 | D:5      | Entered Level 5 of the Dungeon
  1585 | D:5      | Reached skill level 4 in Fighting
  1585 | D:5      | Reached XP level 7. HP: 34/59 MP: 8/8
  1593 | D:5      | HP: 8/59 [iguana (10)]
  1640 | D:5      | Gained mutation: You have a small jelly attached to you
                  | that may absorb projectiles. [Jiyva's grace]
  1640 | D:5      | Gained mutation: You are robust. (+10% HP) [Jiyva's grace]
  1640 | D:5      | Gained mutation: You are very robust. (+20% HP) [Jiyva's
                  | grace]
  1640 | D:5      | Gained mutation: You are extremely robust. (+30% HP)
                  | [Jiyva's grace]
  1688 | D:5      | Reached **** piety under Jiyva
  1719 | D:5      | Found a sparkling altar of Nemelex Xobeh.
  1732 | D:5      | Reached skill level 6 in Unarmed Combat
  1746 | D:5      | Reached skill level 5 in Shapeshifting
  1774 | D:5      | Found the +7 Throatcutter {drain, coup de grace}
  1882 | D:5      | Found a stormy altar of Qazlal.
  1957 | D:6      | Reached skill level 5 in Fighting
  1957 | D:6      | Reached XP level 8. HP: 73/88 MP: 9/9
  1998 | D:6      | Found a staircase to the Ecumenical Temple.
  2049 | D:6      | Reached ***** piety under Jiyva
  2076 | D:7      | Found a blossoming altar of Fedhas.
  2091 | D:7      | Noticed a cyan ugly thing
  2103 | D:7      | Reached skill level 1 in Evocations
  2107 | D:7      | HP: 20/88 [cyan ugly thing (16)]
  2107 | D:7      | HP: 7/88 [cyan ugly thing (13)]
  2108 | D:7      | HP: 3/88 [cyan ugly thing (6)]
  2108 | D:7      | Mangled by a cyan ugly thing

Vanquished Creatures
  An orc warrior (D:5)
  An ice beast (D:6)
  A bullfrog (D:7)
  A scorpion (D:5)
  A quasit (D:7)
  2 hounds
  Crazy Yiuf (D:3)
  A sleepcap (D:4)
  An iguana (D:5)
  4 orc wizards (D:5)
  4 gnolls (D:4)
  4 adders
  A shadow imp (D:5)
  2 ufetubi (D:5)
  2 worms (D:3)
  3 dart slugs
  7 orcs
  4 bats
  An endoplasm (D:1)
  5 giant cockroaches
  2 goblins
  4 hobgoblins
  4 quokkas
  3 ball pythons
  A frilled lizard (D:3)
  2 kobolds
  2 rats
65 creatures vanquished.

Vanquished Creatures (others)
  Sigmund (D:3)
  A jelly (D:3)
  A worm (D:2)
  2 orcs (D:5)
  A goblin (D:2)
  A hobgoblin (D:2)
  A quokka (D:2)
  A bat (D:3)
  A kobold (D:2)
  2 rats
12 creatures vanquished.

Grand Total: 77 creatures vanquished

Table legend:
 A = Non-vault XP
 B = Vault XP
 C = Vault XP percentage of total XP
 D = Non-vault monster count
 E = Vault monster count
 F = Vault count percentage of total count
                 A         B        C        D         E       F
            +---------+---------+-------+---------+---------+-------
      Total |     842 |     221 |  20.8 |      64 |       3 |   4.5
            +---------+---------+-------+---------+---------+-------
        D:1 |      23 |       0 |   0.0 |      12 |       0 |   0.0
        D:2 |      17 |       0 |   0.0 |       7 |       0 |   0.0
        D:3 |      66 |      39 |  37.1 |      14 |       1 |   6.7
        D:4 |     159 |       0 |   0.0 |      11 |       0 |   0.0
        D:5 |     356 |     137 |  27.8 |      18 |       1 |   5.3
        D:6 |     124 |       0 |   0.0 |       1 |       0 |   0.0
        D:7 |      97 |      45 |  31.7 |       1 |       1 |  50.0
            +---------+---------+-------+---------+---------+-------

Skill      XL: |  1  2  3  4  5  6  7  8 |
---------------+-------------------------+-----
Unarmed Combat | 4 5 6 |  6.6
Fighting       | 2 3 4 5 |  5.2
Dodging        | 3 |  3.7
Shapeshifting  | 4 5 |  5.5
Evocations     | 1 |  1.1

Action                     |  1- 3 |  4- 6 |  7- 9 || total
---------------------------+-------+-------+-------++-------
  Melee: Unarmed           |    56 |    99 |    71 ||   226
         Punch             |       |     2 |     1 ||     3
  Evoke: Wand              |       |       |     4 ||     4
    Use: Potion            |       |       |     1 ||     1
         Scroll            |       |       |     1 ||     1
 Armour: Animal skin       |    34 |    26 |       ||    60
         Robe              |       |    30 |    45 ||    75
         Skin              |       |       |     2 ||     2
  Dodge: Dodged            |    35 |    51 |    44 ||   130

Illustrated notes

Table legend:
 A = Kills in this place as a percentage of kills in the entire game.
 B = Kills by you in this place as a percentage of kills by you in the entire game.
 C = Kills by friends in this place as a percentage of kills by friends in the entire game.
 D = Other kills in this place as a percentage of other kills in the entire game.
 E = Experience gained in this place as a percentage of experience gained in the entire game.
 F = Experience gained in this place divided by the number of levels of this place that you have seen.
                   A       B       C       D       E      F
               +-------+-------+-------+-------+-------+----------------------
         Total | 100.0 | 100.0 |   N/A | 100.0 | 100.0 | 151.9
       Dungeon | 100.0 | 100.0 |   N/A | 100.0 | 100.0 | 151.9
               +-------+-------+-------+-------+-------+----------------------

Table legend: (Time is in decaauts)
 A = Elapsed time spent in this place.
 B = Non-inter-level travel time spent in this place.
 C = Inter-level travel time spent in this place.
 D = Time resting spent in this place.
 E = Time spent auto-exploring this place.
 F = Levels seen in this place.
 G = Mean time per level.
                   A        B        C        D        E       F      G
               +--------+--------+--------+--------+--------+-----+--------+
         Total |   2088 |   1921 |    167 |     24 |    192 |   7 |  298.3 |
       Dungeon |   2088 |   1921 |    167 |     24 |    192 |   7 |  298.3 |
               +--------+--------+--------+--------+--------+-----+--------+

Top non-repeatable levels by time:
     D:3: 624 daAuts
     D:5: 392 daAuts
     D:1: 329 daAuts
     D:4: 313 daAuts
     D:2: 265 daAuts
     D:6: 132 daAuts
     D:7: 31 daAuts
